 Dungeon Crawl Stone Soup version 0.29-a0-495-g17b79114eb (webtiles) character file.

Game seed: 12822466844980049960

134 sammy202020 the Skirmisher (level 4, -2/41 HPs)
             Began as a Minotaur Fighter on May 28, 2022.
             Slain by an ogre
             ... wielding a +0 giant club
              (20 damage)
             ... on level 3 of the Dungeon.
             The game lasted 00:02:55 (2667 turns).

sammy202020 the Skirmisher (Minotaur Fighter)       Turns: 2667, Time: 00:02:56

Health: -2/41      AC:  7    Str: 21    XL:     4   Next: 95%
Magic:  3/3        EV: 10    Int:  7    God:
Gold:   217        SH:  5    Dex: 15    Spells: 3/3 levels left

rFire   . . .      SeeInvis .   a - +0 war axe
rCold   . . .      Faith    .   c - +0 buckler
rNeg    . . .      Spirit   .   b - +0 scale mail
rPois   .          Reflect  .   (helmet restricted)
rElec   .          Harm     .   (no cloak)
rCorr   .          Rampage  .   (no gloves)
Will    .....                   (no boots)
Stlth   ..........              (no amulet)
HPRegen 0.13/turn               g - +6 ring of dexterity
MPRegen 0.08/turn               (no ring)

@: no status effects
A: horns 2, retaliatory headbutt
a: no special abilities


You were on level 3 of the Dungeon.
You visited 1 branch of the dungeon, and saw 3 of its levels.

You collected 217 gold pieces.

Inventory:

Hand Weapons
 a - a +0 war axe (weapon)
 q - the +4 whip of Putrescence {speed, rN+ Str+2}
   (You found it on level 2 of the Dungeon)

   Attacks with this weapon are significantly faster.
   Str:       It affects your strength (+2).
   rN:        It protects you from negative energy.
Missiles
 i - a boomerang
 m - 2 javelins (quivered)
Armour
 b - a +0 scale mail (worn)
 c - a +0 buckler (worn)
Jewellery
 e - an amulet of faith
 g - a +6 ring of dexterity (left hand)
 k - a ring of magical power
 l - a ring of fire
 r - a ring of magical power
Scrolls
 n - a scroll of enchant armour {unknown}
 s - a scroll of identify
Potions
 d - a potion of might
 f - a potion of ambrosia
 h - a potion of resistance
 j - a potion of degeneration {unknown}
 o - a potion of heal wounds {unknown}
 p - 2 potions of magic {unknown}


   Skills:
 * Level 4.8 Fighting
 * Level 3.8 Axes
 + Level 4.1 Armour
 + Level 1.6 Dodging
 + Level 4.2 Shields


You had 3 spell levels left.
You didn't know any spells.
Your spell library contained the following spells:

 Spells                   Type           Power      Damage    Failure   Level
 Sublimation of Blood     Necr           0%         N/A       94%         2
 Conjure Flame            Conj/Fire      0%         6-21      99%         3
 Ignite Poison            Fire/Tmut/Pois 0%         N/A       99%         3
 Petrify                  Tmut/Erth      0%         N/A       100%        4
 Sticky Flame             Conj/Fire      0%         2d3       100%        4
 Irradiate                Conj/Tmut      0%         3d13      100%        5


Dungeon Overview and Level Annotations

Branches:
Dungeon (3/15)

Altars:


Innate Abilities, Weirdness & Mutations

You have a pair of horns on your head.
You reflexively headbutt those who attack you in melee.


Message History

No target in view!
You see here a hobgoblin corpse.
An ogre comes into view. It is wielding a +0 giant club.
Found a sapphire potion.
The ogre shouts!
You hear a shout!
An ogre is nearby!
An ogre is nearby!
Found a stone staircase leading down.
A goblin comes into view. It is wielding a +0 club.
Found a ring mail.
The ogre hits you with a +0 giant club.
You hit the ogre but do no damage. Your headbutt misses the ogre.
The ogre hits you with a +0 giant club!
You slash the ogre! Your headbutt misses the ogre.
The ogre is moderately wounded.
The ogre hits you with a +0 giant club!
You are too injured to fight recklessly!
You are too injured to fight recklessly!
You are too injured to fight recklessly!
You are too injured to fight recklessly!
You are too injured to fight recklessly!
You are too injured to fight recklessly!
You are too injured to fight recklessly!
You are too injured to fight recklessly!
You are too injured to fight recklessly!
You are too injured to fight recklessly!
You are too injured to fight recklessly!
You are too injured to fight recklessly!
You are too injured to fight recklessly!
You are too injured to fight recklessly!
You are too injured to fight recklessly!
You are too injured to fight recklessly!
You are too injured to fight recklessly!
Unknown command.
You hit the ogre.
You headbutt the ogre, but do no damage.
The ogre is moderately wounded.
You slash the ogre!
The ogre is severely wounded.
The ogre hits you with a +0 giant club!!
You die...

.....##.#
..#..###......##
.....##.#
.#....†....)...
#######.#
#..<.#......# #.#
#.)###......# #.#
#.............
.##.###.###########
.........!.....
###..##.##...##
.... #@# ..# ...
#O# .# .. #g# # .
..# ..# ..># .###
[.


You could see an ogre and a goblin.

Vanquished Creatures
  An orc wizard (D:3)
  4 adders
  A worm (D:3)
  A dart slug (D:2)
  2 orcs (D:3)
  3 endoplasms
  2 giant cockroaches (D:2)
  8 goblins
  A hobgoblin (D:3)
  14 jackals
  4 quokkas
  3 ball pythons
  4 bats
  3 frilled lizards
  4 kobolds
  5 rats
60 creatures vanquished.

Notes
Turn   | Place    | Note
-------+----------+-------------------------------------------
     0 | D:1      | sammy202020 the Minotaur Fighter began the quest for the
                  | Orb.
     0 | D:1      | Reached XP level 1. HP: 19/19 MP: 0/0
    69 | D:1      | Reached XP level 2. HP: 27/27 MP: 1/1
   483 | D:1      | Reached XP level 3. HP: 33/33 MP: 2/2
  1416 | D:2      | Reached skill level 1 in Dodging
  1682 | D:2      | Reached XP level 4. HP: 41/41 MP: 3/3
  1802 | D:2      | Identified the +4 whip of Putrescence {speed, rN+ Str+2}
  2660 | D:3      | Noticed an ogre
  2667 | D:3      | Slain by an ogre

Illustrated notes

Levels and vault maps discovered:
D:1:      ncdulo_lavacross, layout_basic, grunt_decor_fettered
D:2:      minmay_wonky_spiral, layout_basic
D:3:      layout_basic

Skill      XL: |  1  2  3  4 |
---------------+-------------+-----
Fighting       | 4 |  4.8
Axes           | 3 |  3.8
Shields        | 4 |  4.2
Dodging        | 1 |  1.6
Armour         | 4 |  4.1

Action                   |  1- 3 |  4- 6 || total
-------------------------+-------+-------++-------
Melee: War axe           |    73 |    41 ||   114
       Headbutt          |    14 |     8 ||    22
  Use: Scroll            |     4 |     3 ||     7
Armor: Scale mail        |    35 |    11 ||    46
Dodge: Dodged            |    44 |    13 ||    57
Block: Buckler           |    28 |     9 ||    37

Table legend: (Time is in decaauts)
 A = Elapsed time spent in this place.
 B = Non-inter-level travel time spent in this place.
 C = Inter-level travel time spent in this place.
 D = Time resting spent in this place.
 E = Time spent auto-exploring this place.
 F = Levels seen in this place.
 G = Mean time per level.
                   A        B        C        D        E       F      G
               +--------+--------+--------+--------+--------+-----+--------+
         Total |   2709 |   2604 |    105 |    100 |   2101 |   3 |  903.0 |
       Dungeon |   2709 |   2604 |    105 |    100 |   2101 |   3 |  903.0 |
               +--------+--------+--------+--------+--------+-----+--------+

Top non-repeatable levels by time:
     D:1: 1041 daAuts
     D:2: 975 daAuts
     D:3: 692 daAuts
